 Dungeon Crawl Stone Soup version 0.29-a0-330-g52719c12eb (webtiles) character file.

Game seed: 10672638509481624250

113 kae the Magician (level 4, -3/24 HPs)
             Began as a Deep Elf Fire Elementalist on May 1, 2022.
             Killed by nerve-wracking pain
             ... invoked by Grinder
              (12 damage)
             ... on level 3 of the Dungeon.
             The game lasted 00:00:53 (2469 turns).

kae the Magician (Deep Elf Fire Elementalist)       Turns: 2469, Time: 00:00:54

Health: -3/24      AC:  3    Str:  5    XL:     4   Next: 65%
Magic:  4/12       EV: 12    Int: 22    God:
Gold:   119        SH:  0    Dex: 15    Spells: 9/12 levels left

rFire   . . .      SeeInvis .   (no weapon)
rCold   . . .      Faith    .   (no shield)
rNeg    . . .      Spirit   .   a - +0 robe
rPois   .          Reflect  .   (no helmet)
rElec   .          Harm     .   d - +0 cloak
rCorr   .          Rampage  .   (no gloves)
Will    .....                   (no boots)
Stlth   ++........              (no amulet)
HPRegen 0.08/turn               (no ring)
MPRegen 0.13/turn               (no ring)

@: no status effects
A: no striking features
a: no special abilities


You were on level 3 of the Dungeon.
You visited 1 branch of the dungeon, and saw 3 of its levels.

You collected 119 gold pieces.

Inventory:

Armour
 a - a +0 robe (worn)
 d - a +0 cloak (worn)
Scrolls
 h - a scroll of enchant armour
 j - a scroll of identify
Potions
 b - a potion of magic
 c - a potion of heal wounds
 e - a potion of degeneration
 f - a potion of lignification
 g - 3 potions of mutation {unknown}
 i - a potion of curing {unknown}


   Skills:
 - Level 2.4 Dodging
 - Level 2.4 Stealth
 + Level 4.5 Spellcasting
 + Level 3.0 Conjurations
 + Level 4.3 Fire Magic


You had 9 spell levels left.
You knew the following spells:

 Your Spells              Type           Power      Damage    Failure   Level
a - Foxfire               Conj/Fire      84%        2x1d8     2%          1
b - Scorch                Fire           48%        2d7       2%          2

Your spell library contained the following spells:

 Spells                   Type           Power      Damage    Failure   Level
 Conjure Flame            Conj/Fire      21%        6-21      7%          3
 Inner Flame              Hex/Fire       14%        N/A       13%         3
 Dazzling Flash           Conj/Hex       22%        N/A       17%         3
 Flame Wave               Conj/Fire      21%        2d7       22%         4
 Agony                    Necr           4%         N/A       96%         5
 Silence                  Hex/Air        2%         N/A       96%         5


Dungeon Overview and Level Annotations

Branches:
Dungeon (3/15)

Altars:

Annotations:
D:3 Grinder


Message History

There is an open door here.
You open the door.
There is an open door here.
Grinder comes into view.
Grinder is nearby!
Grinder is nearby!
Casting: Foxfire (safe; 2% risk of failure)
Confirm with . or Enter, or press ? or * to list all spells.
You conjure some foxfire!
Grinder shouts!
The foxfire hits Grinder.
Grinder is lightly wounded.
Grinder is nearby!
Casting: Foxfire (safe; 2% risk of failure)
Confirm with . or Enter, or press ? or * to list all spells.
Flames lash Grinder.
Grinder is moderately wounded.
Grinder's fire resistance burns away.
Grinder barely misses you. Grinder barely misses you.
Casting: Scorch (safe; 2% risk of failure)
Confirm with . or Enter, or press ? or * to list all spells.
Flames lash Grinder.
Grinder is burned terribly!
Grinder is heavily wounded.
Grinder closely misses you. Grinder gestures at you.
Pain shoots through your body!
Casting: Scorch (safe; 2% risk of failure)
Confirm with . or Enter, or press ? or * to list all spells.
Flames lash Grinder.
Grinder is burned terribly!
Grinder is almost dead.
Grinder barely misses you. Grinder hits you.
You writhe in agony.
Casting: Scorch (safe; 2% risk of failure)
Confirm with . or Enter, or press ? or * to list all spells.
Flames lash Grinder.
Grinder is burned terribly!
Grinder is almost dead.
Grinder gestures at you. Pain shoots through your body!
Ouch! That really hurt!
You die...

#......... .#####..####
#......... #..# #........#
#..#### ###........#
#.....# #......###.#
##.##.# #.##.### .# #.##.#
#.##.# .# #.##.#
#.##.#####5###+## #.....
#.##.....@.##...## #.####
#.##########.....## #.#
#.##.## ##.......###.#
#.....####.........##.#
##.......'.........'..####
##...####.........##.....
##..# ##.......######.#
##.# ##.....## #.# #.#
##...## #.#


You could see Grinder (combustible).

Vanquished Creatures
  2 adders (D:2)
  4 gnolls (D:2)
  3 dart slugs
  6 ball pythons
  3 bats
  4 endoplasms
  2 giant cockroaches (D:1)
  4 goblins
  2 hobgoblins
  3 kobolds
  6 quokkas
  3 frilled lizards
  8 rats
50 creatures vanquished.

Vanquished Creatures (others)
  195 foxfires
195 creatures vanquished.

Grand Total: 245 creatures vanquished

Notes
Turn   | Place    | Note
-------+----------+-------------------------------------------
     0 | D:1      | kae the Deep Elf Fire Elementalist began the quest for the
                  | Orb.
     0 | D:1      | Reached XP level 1. HP: 10/10 MP: 6/6
   182 | D:1      | Reached XP level 2. HP: 15/15 MP: 5/8
   533 | D:1      | Learned a level 2 spell: Scorch
  1199 | D:2      | Reached XP level 3. HP: 19/19 MP: 6/10
  1990 | D:2      | Reached XP level 4. HP: 24/24 MP: 9/12
  2460 | D:3      | Noticed Grinder
  2469 | D:3      | Killed from afar by Grinder

Illustrated notes

Levels and vault maps discovered:
D:1:      spicycebolla_arrival_xxxplode, layout_loops_ring
D:2:      minmay_angry_zag, layout_basic
D:3:      layout_loops_corners, shapermc_ecumenical_altar_hornbeckon,
          uniq_grinder, uniq_natasha, uniq_terence

Skill      XL: |  1  2  3  4 |
---------------+-------------+-----
Conjurations   | 2 3 |  3.0
Spellcasting   | 4 |  4.5
Fire Magic     | 4 |  4.3
Dodging        | |  2.4
Stealth        | |  2.4

Action                   |  1- 3 |  4- 6 || total
-------------------------+-------+-------++-------
 Cast: Foxfire           |    94 |    21 ||   115
       Scorch            |     1 |     5 ||     6
  Use: Scroll            |     4 |     1 ||     5
Armor: Robe              |     3 |       ||     3
Dodge: Dodged            |     9 |     9 ||    18

Table legend: (Time is in decaauts)
 A = Elapsed time spent in this place.
 B = Non-inter-level travel time spent in this place.
 C = Inter-level travel time spent in this place.
 D = Time resting spent in this place.
 E = Time spent auto-exploring this place.
 F = Levels seen in this place.
 G = Mean time per level.
                   A        B        C        D        E       F      G
               +--------+--------+--------+--------+--------+-----+--------+
         Total |   2468 |   2426 |     42 |      0 |   2068 |   3 |  822.7 |
       Dungeon |   2468 |   2426 |     42 |      0 |   2068 |   3 |  822.7 |
               +--------+--------+--------+--------+--------+-----+--------+

Top non-repeatable levels by time:
     D:2: 1183 daAuts
     D:1: 1097 daAuts
     D:3: 187 daAuts
